 Dungeon Crawl Stone Soup version 0.22-a0-362-g535178c (webtiles) character file.

157 Amnesiac the Digger (level 5, 0/35 HPs)
             Began as a Mummy Earth Elementalist on Apr 20, 2018.
             Was a Follower of Sif Muna.
             Slain by a frilled lizard (1 damage)
             ... on level 4 of the Dungeon.
             The game lasted 00:05:50 (3003 turns).

Amnesiac the Digger (Mummy Earth Elementalist)      Turns: 3003, Time: 00:05:51

Health: 0/35       AC:  2    Str: 11    XL:     5   Next: 15%
Magic:  1/11       EV: 12    Int: 16    God:    Sif Muna [*.....]
Gold:   86         SH:  0    Dex: 12    Spells: 3/12 levels left

rFire    x . .     SeeInvis .   a - +0 dagger
rCold    + . .     Gourm    .   (no shield)
rNeg     + + +     Faith    .   c - +0 robe
rPois    ∞         Spirit   .   (no helmet)
rElec    .         Reflect  .   (no cloak)
rCorr    .         Harm     .   (no gloves)
MR       .....                  (no boots)
Stlth    ++........             (no amulet)
HPRegen  0.11/turn              (no ring)
MPRegen  0.12/turn              (no ring)

@: very slightly contaminated, divine energy
A: no food or potions, fire vulnerability, cold resistance 1, negative energy
resistance 3, torment resistance, unbreathing
a: Stop Divine Energy, Renounce Religion


You were on level 4 of the Dungeon.
You worshipped Sif Muna.
Sif Muna was aware of your devotion.
You were not hungry.

You visited 1 branch of the dungeon, and saw 4 of its levels.

You collected 86 gold pieces.

Inventory:

Hand Weapons
 a - a +0 dagger (weapon)
Armour
 c - a +0 robe (worn)
Scrolls
 e - a scroll of remove curse {!r}
 g - a scroll of blinking {!r}


   Skills:
 - Level 1.5 Dodging
 - Level 2.0 Stealth
 + Level 4.1 Spellcasting
 - Level 0.7 Transmutations
 * Level 4.2 Earth Magic


You had 3 spell levels left.
You knew the following spells:

 Your Spells              Type           Power        Failure   Level  Hunger
a - Stone Arrow           Conj/Erth      ##....       22%         3    N/A
b - Passwall              Tmut/Erth      ##........   9%          2    N/A
e - Petrify               Tmut/Erth      ##......     52%         4    N/A

Dungeon Overview and Level Annotations

Branches:
Dungeon (4/15)
 Temple: D:4-7

Altars:
Ashenzari
Qazlal
Sif Muna

Annotations:
D:1 Terence


Innate Abilities, Weirdness & Mutations

You do not eat or drink.
Your flesh is vulnerable to fire.
You are immune to poison.
Your flesh is cold resistant. (rC+)
You are immune to negative energy. (rN+++)
You are immune to unholy pain and torment.
You can survive without breathing.


Message History

Confirm with . or Enter, or press ? or * to list all spells.
Aiming: Stone Arrow (safe; 22% risk of failure)
Press: ? - help, Shift-Dir - straight line, f/p - howler monkey
Aim: a howler monkey The stone arrow hits the howler monkey.
The howler monkey is moderately wounded.
Sif Muna grants you divine energy.
You briefly lose access to your magic!
You are unable to access your magic!
You are unable to access your magic!
You are unable to access your magic!
You hit the howler monkey but do no damage.
The howler monkey is moderately wounded.
The howler monkey closely misses you.
A frilled lizard comes into view.
The frilled lizard hisses angrily.
You hit the howler monkey.
The howler monkey is moderately wounded.
The howler monkey hoots and howls with incredible vigour!
You hear a shout! x4; You hear a bark!
You hear a shout!
You hear a croak.
You hear a bark!
You hear a shout!
You hear a bark!
You hear an angry hiss.
You closely miss the howler monkey.
The howler monkey is moderately wounded.
The howler monkey hits you.
* * * LOW HITPOINT WARNING * * *
The howler monkey barely misses you.
You barely miss the howler monkey.
The howler monkey is moderately wounded.
The howler monkey hoots and howls with incredible vigour!
You hear a croak.
You hear a shout!
You hit the howler monkey but do no damage.
The howler monkey is moderately wounded.
You regain access to your magic.
The howler monkey completely misses you.
Casting: Stone Arrow (safe; 22% risk of failure)
Confirm with . or Enter, or press ? or * to list all spells.
Aiming: Stone Arrow (safe; 22% risk of failure)
Press: ? - help, Shift-Dir - straight line, f/p - howler monkey
Aim: a howler monkey (moderately wounded, catching its breath)
The stone arrow hits the howler monkey.
The howler monkey is severely wounded.
Sif Muna grants you divine energy.
You briefly lose access to your magic!
The frilled lizard closely misses you. The howler monkey hits you.
* * * LOW HITPOINT WARNING * * *
You closely miss the howler monkey.
The howler monkey is severely wounded.
The howler monkey misses you. The frilled lizard bites you.
* * * LOW HITPOINT WARNING * * *
You completely miss the howler monkey.
The howler monkey is severely wounded.
The howler monkey hits you.
* * * LOW HITPOINT WARNING * * *
The frilled lizard barely misses you. The howler monkey closely misses you.
You barely miss the howler monkey.
The howler monkey is severely wounded.
The frilled lizard bites you.
* * * LOW HITPOINT WARNING * * *
The howler monkey barely misses you.
You hit the howler monkey.
The howler monkey is severely wounded.
You regain access to your magic.
The frilled lizard bites you.
You die...

...... .#
......######h#
.............##
...............
#......<...#
#..........#
#..........#
#........hl#
#.........@#
############


You could see a howler monkey and a frilled lizard.

Vanquished Creatures
  A hound (D:4)
  2 gnolls
  4 adders (D:2)
  A worm (D:2)
  6 dart slugs
  6 leopard geckos
  4 giant cockroaches
  2 goblins (D:2)
  9 hobgoblins
  5 bats
  2 frilled lizards
  8 kobolds
  9 rats
59 creatures vanquished.

Notes
Turn   | Place    | Note
-------+----------+-------------------------------------------
     0 | D:1      | Amnesiac the Mummy Earth Elementalist began the quest for the Orb.
     0 | D:1      | Reached XP level 1. HP: 13/13 MP: 4/4
   254 | D:2      | Reached XP level 2. HP: 16/19 MP: 5/5
   405 | D:3      | Found a deep blue altar of Sif Muna.
   411 | D:3      | Became a worshipper of Sif Muna the Loreminder
   609 | D:1      | Reached XP level 3. HP: 14/24 MP: 5/7
   902 | D:1      | Learned a level 3 spell: Stone Arrow
  1093 | D:2      | Noticed Terence
  1214 | D:2      | Found a stormy altar of Qazlal.
  1243 | D:2      | Learned a level 2 spell: Passwall
  1258 | D:2      | Reached XP level 4. HP: 3/30 MP: 2/9
  1264 | D:2      | Learned a level 4 spell: Petrify
  2742 | D:3      | Found a shattered altar of Ashenzari.
  2988 | D:4      | Reached * piety under Sif Muna
  2988 | D:4      | Reached XP level 5. HP: 19/35 MP: 4/11
  3002 | D:4      | HP: 1/35 [frilled lizard (1)]
  3003 | D:4      | Slain by a frilled lizard

Vault maps used:
D:1:      sevenhm_arrival_forest_fort_small_4
D:2:      nicolae_qazlal_general_emergency, uniq_terence
D:3:      led_sif_pool, nicolae_ashenzari_panopticon
D:4:      first_ration, uniq_sigmund

Skill      XL: |  1  2  3  4 |
---------------+-------------+-----
Spellcasting   | 3 4 |  4.1
Earth Magic    | 3 4 |  4.2
Stealth        | 2 |  2.0
Dodging        | |  1.5
Transmutations | |  0.7

Action                   |  1- 3 |  4- 6 || total
-------------------------+-------+-------++-------
Melee: Unarmed           |    17 |       ||    17
       Dagger            |    78 |    44 ||   122
 Cast: Sandblast         |    34 |     3 ||    37
       Stone Arrow       |     5 |    21 ||    26
       Passwall          |     1 |     4 ||     5
Invok: Divine Energy     |       |     1 ||     1
  Use: Scroll            |       |     8 ||     8
 Stab: Sleeping          |     4 |       ||     4
Armor: Robe              |    22 |     6 ||    28
Dodge: Dodged            |    86 |    48 ||   134

Table legend:
 A = Spawn XP
 B = Non-spawn XP
 C = Spawn XP percentage of total XP
 D = Spawn monster count
 E = Non-spawn monster count
 F = Spawn count percentage of total count
 G = Total turns spent on level
                    A         B        C        D         E        F      G
               +---------+---------+-------+---------+---------+-------+---------
         Total |       0 |     225 |   0.0 |       0 |      59 |   0.0 |  3003
               +---------+---------+-------+---------+---------+-------+---------
           D:1 |       0 |      52 |   0.0 |       0 |      28 |   0.0 |   920
           D:2 |       0 |     104 |   0.0 |       0 |      22 |   0.0 |  1599
           D:3 |       0 |      29 |   0.0 |       0 |       8 |   0.0 |   403
           D:4 |       0 |      40 |   0.0 |       0 |       1 |   0.0 |    81
               +---------+---------+-------+---------+---------+-------+---------
